 Dungeon Crawl Stone Soup version 0.23-a0-386-g9c9d49f (webtiles) character file.

684 Ijustatesigmund the Magician (level 7, -11/51 HPs)
             Began as a Gnoll Wizard on Oct 25, 2018.
             Mangled by an ogre
             ... wielding a +0 giant club
              (23 damage)
             ... on level 5 of the Dungeon on Oct 28, 2018.
             The game lasted 00:13:19 (6154 turns).

Ijustatesigmund the Magician (Gnoll Wizard)         Turns: 6154, Time: 00:13:22

Health: -11/51     AC:  7    Str: 10    XL:     7   Next: 62%
Magic:  27/27      EV: 16    Int: 24    God:
Gold:   163        SH:  0    Dex: 18    Spells: 12/21 levels left

rFire    + . .     SeeInvis .   q - +4 rapier of the Sky {chaos, Int+2 Stlth+}
rCold    . . .     Gourm    .   (no shield)
rNeg     . . .     Faith    .   a - +0 scale mail {rF+}
rPois    .         Spirit   .   b - +1 hat
rElec    .         Reflect  .   (no cloak)
rCorr    .         Harm     .   (no gloves)
MR       .....                  (no boots)
Stlth    +++++.....             e - amulet of magic regeneration
HPRegen  0.17/turn              o - ring of stealth
MPRegen  0.45/turn              m - ring of magical power

@: agile
A: distributed training, fangs 1, strong nose
a: no special abilities


You were on level 5 of the Dungeon.
You were not hungry.

You visited 1 branch of the dungeon, and saw 5 of its levels.

You collected 163 gold pieces.

Inventory:

Hand Weapons
 c - a +5 dagger of flaming
 j - a +1 rapier of venom
 q - the +4 rapier of the Sky (weapon) {chaos, Int+2 Stlth+}
   (You found it on level 4 of the Dungeon)

   Each time it hits an enemy it has a different, random effect.
   It affects your intelligence (+2).
   It makes you more stealthy.
Armour
 a - a +0 scale mail of fire resistance (worn)
 b - a +1 hat (worn)
Jewellery
 e - an amulet of magic regeneration (around neck)
 g - an uncursed ring of ice
 m - a ring of magical power (right hand)
 o - a ring of stealth (left hand)
Wands
 p - a wand of polymorph (9)
 s - a wand of clouds (6)
Scrolls
 h - 3 scrolls of remove curse
 r - 2 scrolls of fog
Potions
 f - a potion of flight
 k - a potion of haste {unknown}
 n - a potion of magic {unknown}
Comestibles
 d - 5 rations
 t - 2 chunks of flesh


   Skills:
 + Level 2.5 Fighting
 + Level 2.5 Short Blades
 + Level 2.5 Long Blades
 + Level 2.5 Axes
 + Level 2.5 Maces & Flails
 + Level 2.5 Polearms
 + Level 2.5 Staves
 + Level 2.5 Slings
 + Level 2.5 Bows
 + Level 2.5 Crossbows
 + Level 2.5 Throwing
 + Level 2.5 Armour
 + Level 5.3 Dodging
 + Level 4.9 Stealth
 + Level 2.5 Shields
 + Level 2.5 Unarmed Combat
 + Level 7.6 Spellcasting
 + Level 3.0 Conjurations
 + Level 2.1 Hexes
 + Level 2.1 Charms
 + Level 3.0 Summonings
 + Level 2.1 Necromancy
 + Level 3.0 Translocations
 + Level 2.1 Transmutations
 + Level 2.1 Fire Magic
 + Level 2.1 Ice Magic
 + Level 2.1 Air Magic
 + Level 2.1 Earth Magic
 + Level 2.1 Poison Magic
 + Level 2.8 Invocations
 + Level 2.5 Evocations


You had 12 spell levels left.
You knew the following spells:

 Your Spells              Type           Power        Failure   Level  Hunger
a - Magic Dart            Conj           ###.         13%         1    None
b - Blink                 Tloc           N/A          19%         2    None
c - Conjure Flame         Conj/Fire      ###.....     43%         3    None
d - Mephitic Cloud        Conj/Pois/Air  ###.....     43%         3    None

Your spell library contained the following spells:

 Spells                   Type           Power        Failure   Level  Hunger
 Call Imp                 Summ           ###.....     19%         2    None
 Slow                     Hex            ###.....     28%         2    None


Dungeon Overview and Level Annotations

Branches:
Dungeon (5/15)
 Temple: D:4-7

Altars:
Sif Muna


Innate Abilities, Weirdness & Mutations

Your experience applies equally to all skills.
You have very sharp teeth.
Your uncanny sense of smell can sniff out nearby items.


Message History

Casting: Blink (safe; 19% risk of failure)
Confirm with . or Enter, or press ? or * to list all spells.
You blink.
A quokka and a scorpion come into view.
The ogre closely misses you.
Okay, then.
The giant cockroach bites you but does no damage.
The scorpion stings you.
* * * LOW HITPOINT WARNING * * *
The quokka misses you. The adder barely misses you.
The giant cockroach misses you.
There is a stone staircase leading up here.
Magic restored.
The scorpion stings you but does no damage.
The quokka bites you but does no damage.
The adder bites you.
* * * LOW HITPOINT WARNING * * *
The giant cockroach misses you.
The ogre hits you with a +0 giant club!!
You die...

.........
.........
.........
#.......##
.........#
.........#
......s..##
.......@s.#
....?.rSO.#
..........####
##...........####
##.##%...##....#
## #.
#....#####o#####..
. ##..## #..#..? .
##.. ##.#.# ##.
#...##


You could see an ogre, a scorpion, an adder, a quokka and a giant cockroach.

Vanquished Creatures
  A phantom (D:4)
  A big kobold (D:2)
  A scorpion (D:4)
  A crimson imp (D:5)
  2 hounds (D:4)
  A gnoll shaman (D:4)
  A worker ant (D:4)
  An orc wizard (D:3)
  Ijyb (D:4)
  A hound skeleton (D:4)
  3 gnolls (D:4)
  9 adders
  2 oozes
  An adder skeleton (D:4)
  5 worms
  4 dart slugs
  3 leopard geckos
  6 orcs
  6 giant cockroaches
  10 goblins
  13 hobgoblins
  27 jackals
  7 kobolds
  A quokka (D:3)
  7 bats
  4 frilled lizards
  A jackal skeleton (D:5)
  A quokka skeleton (D:5)
  8 rats
129 creatures vanquished.

Notes
Turn   | Place    | Note
-------+----------+-------------------------------------------
     0 | D:1      | Ijustatesigmund the Gnoll Wizard began the quest for the
                  | Orb.
     0 | D:1      | Reached XP level 1. HP: 13/13 MP: 8/8
   269 | D:1      | Reached XP level 2. HP: 8/19 MP: 3/10
   491 | D:1      | Learned a level 2 spell: Blink
  1452 | D:1      | Reached XP level 3. HP: 25/25 MP: 6/11
  2036 | D:2      | Reached skill level 1 in Invocations
  2238 | D:2      | Reached skill level 1 in Fighting
  2238 | D:2      | Reached skill level 1 in Short Blades
  2238 | D:2      | Reached skill level 1 in Long Blades
  2238 | D:2      | Reached skill level 1 in Axes
  2238 | D:2      | Reached skill level 1 in Maces & Flails
  2238 | D:2      | Reached skill level 1 in Polearms
  2238 | D:2      | Reached skill level 1 in Staves
  2238 | D:2      | Reached skill level 1 in Slings
  2238 | D:2      | Reached skill level 1 in Bows
  2238 | D:2      | Reached skill level 1 in Crossbows
  2238 | D:2      | Reached skill level 1 in Throwing
  2238 | D:2      | Reached skill level 1 in Armour
  2238 | D:2      | Reached skill level 1 in Shields
  2238 | D:2      | Reached skill level 1 in Unarmed Combat
  2238 | D:2      | Reached skill level 1 in Evocations
  2238 | D:2      | Reached XP level 4. HP: 32/32 MP: 9/13
  2533 | D:2      | Noticed a big kobold
  2802 | D:2      | Killed a big kobold
  2802 | D:2      | Reached skill level 1 in Hexes
  2802 | D:2      | Reached skill level 1 in Charms
  2802 | D:2      | Reached skill level 1 in Necromancy
  2802 | D:2      | Reached skill level 1 in Transmutations
  2802 | D:2      | Reached skill level 1 in Fire Magic
  2802 | D:2      | Reached skill level 1 in Ice Magic
  2802 | D:2      | Reached skill level 1 in Air Magic
  2802 | D:2      | Reached skill level 1 in Earth Magic
  2802 | D:2      | Reached skill level 1 in Poison Magic
  2802 | D:2      | Reached XP level 5. HP: 27/37 MP: 3/14
  3585 | D:2      | Learned a level 3 spell: Conjure Flame
  3589 | D:2      | Learned a level 3 spell: Mephitic Cloud
  3845 | D:3      | Reached XP level 6. HP: 32/44 MP: 2/16
  4580 | D:4      | Reached skill level 5 in Dodging
  5238 | D:4      | Reached XP level 7. HP: 32/50 MP: 12/18
  5246 | D:4      | Got a faintly glowing rapier
  5247 | D:4      | Identified the +4 rapier of the Sky {chaos, Int+2 Stlth+}
                  | (You found it on level 4 of the Dungeon)
  5366 | D:4      | Found a deep blue altar of Sif Muna.
  5747 | D:4      | Upgraded the game from 0.23-a0-373-g305c090 to
                  | 0.23-a0-386-g9c9d49f
  5909 | D:4      | Noticed Ijyb
  5920 | D:4      | Killed Ijyb
  5949 | D:5      | Entered Level 5 of the Dungeon
  6154 | D:5      | Mangled by an ogre

Vault maps used:
D:1:      minmay_arrival_jagged, hex_medium, nrook_mini_backslash
D:2:      minmay_vboxes
D:3:      first_ration, minmay_misc_feat_room
D:4:      lemuel_crystal_altar, uniq_ijyb
D:5:      chequers_temple_overflow_statue_of_worship, uniq_blork_the_orc

Skill      XL: |  1  2  3  4  5  6  7 |
---------------+----------------------+-----
Conjurations   | 2 3 |  3.0
Summonings     | 2 3 |  3.0
Translocations | 2 3 |  3.0
Invocations    | 1 2 |  2.8
Fighting       | 1 2 |  2.5
Short Blades   | 1 2 |  2.5
Long Blades    | 1 2 |  2.5
Axes           | 1 2 |  2.5
Maces & Flails | 1 2 |  2.5
Polearms       | 1 2 |  2.5
Staves         | 1 2 |  2.5
Slings         | 1 2 |  2.5
Bows           | 1 2 |  2.5
Crossbows      | 1 2 |  2.5
Throwing       | 1 2 |  2.5
Armour         | 1 2 |  2.5
Shields        | 1 2 |  2.5
Unarmed Combat | 1 2 |  2.5
Evocations     | 1 2 |  2.5
Hexes          | 1 2 |  2.1
Charms         | 1 2 |  2.1
Necromancy     | 1 2 |  2.1
Transmutations | 1 2 |  2.1
Fire Magic     | 1 2 |  2.1
Ice Magic      | 1 2 |  2.1
Air Magic      | 1 2 |  2.1
Earth Magic    | 1 2 |  2.1
Poison Magic   | 1 2 |  2.1
Dodging        | 5 |  5.3
Stealth        | |  4.9
Spellcasting   | |  7.6

Action                   |  1- 3 |  4- 6 |  7- 9 || total
-------------------------+-------+-------+-------++-------
Melee: Club              |     4 |       |       ||     4
       Bite              |     2 |     5 |     6 ||    13
       Whip              |     5 |       |       ||     5
       Dagger            |     4 |    83 |       ||    87
       Rapier            |       |       |    44 ||    44
 Cast: Magic Dart        |    81 |   169 |    19 ||   269
       Blink             |       |     1 |     2 ||     3
  Use: Scroll            |     2 |     8 |     1 ||    11
       Potion            |       |     3 |     2 ||     5
 Stab: Sleeping          |     1 |     7 |       ||     8
  Eat: Chunk             |     3 |     7 |       ||    10
       Ration            |       |     1 |     1 ||     2
Armor: Robe              |     5 |    15 |     1 ||    21
       Scale mail        |       |       |    45 ||    45
Dodge: Dodged            |    15 |    98 |    43 ||   156

Table legend:
 A = Non-vault XP
 B = Vault XP
 C = Vault XP percentage of total XP
 D = Non-vault monster count
 E = Vault monster count
 F = Vault count percentage of total count
                 A         B        C        D         E       F
            +---------+---------+-------+---------+---------+-------
      Total |     917 |      61 |   6.2 |     123 |       6 |   4.7
            +---------+---------+-------+---------+---------+-------
        D:1 |      49 |       0 |   0.0 |      27 |       0 |   0.0
        D:2 |     180 |      29 |  13.9 |      34 |       5 |  12.8
        D:3 |     157 |       0 |   0.0 |      37 |       0 |   0.0
        D:4 |     481 |      32 |   6.2 |      22 |       1 |   4.3
        D:5 |      50 |       0 |   0.0 |       3 |       0 |   0.0
            +---------+---------+-------+---------+---------+-------
